 Dungeon Crawl Stone Soup version 0.20-a0-268-gb6bde61 (webtiles) character file.

74 LORDOFBUTT the Shield-Bearer (level 4, -2/35 HPs)
             Began as a Formicid Fighter on Dec 8, 2016.
             Slain by razgard's ghost (16 damage)
             ... on level 3 of the Dungeon.
             The game lasted 00:02:07 (1453 turns).

LORDOFBUTT the Shield-Bearer (Formicid Fighter)     Turns: 1453, Time: 00:02:08

Health: -2/35      AC: 10    Str: 25    XL:     4   Next: 52%
Magic:  4/4        EV:  8    Int:  8    God:
Gold:   95         SH: 10    Dex: 11    Spells: 3/3 levels left

rFire  . . .     SeeInvis +     a - +0 war axe
rCold  . . .     Gourm    .     b - +0 scale mail
rNeg   . . .     Faith    .     c - +0 shield
rPois  .         Spirit   .     (helmet unavailable)
rElec  .         Reflect  .     (no cloak)
rCorr  .         Harm     .     p - +0 pair of gloves
MR     .....                    r - +1 pair of boots
Stlth  ..........               (no amulet)
                                (no ring)
                                (no ring)

@: mighty
A: permanent stasis, dig shafts and tunnels, four strong arms, antennae 3
a: Dig, Shaft Self


You were on level 3 of the Dungeon.
You were not hungry.

You visited 1 branch of the dungeon, and saw 3 of its levels.

You collected 95 gold pieces.

Inventory:

Hand Weapons
 a - a +0 war axe (weapon)
Armour
 b - a +0 scale mail (worn)
 c - a +0 shield (worn)
 p - a +0 pair of gloves (worn)
 r - a +1 pair of boots (worn)
Jewellery
 y - a cursed amulet of inaccuracy {unknown}
Scrolls
 i - a scroll of teleportation {unknown}
 j - 3 scrolls of remove curse {unknown}
 k - a scroll of random uselessness {unknown}
 n - a scroll of immolation {unknown}
 o - a scroll of noise {unknown}
 q - 2 scrolls of magic mapping {unknown}
 t - a scroll of recharging {unknown}
 u - a scroll of enchant weapon {unknown}
Potions
 d - a potion of might
 e - 2 potions of flight
 g - a potion of resistance
 l - 2 potions of curing
 m - a potion of invisibility {unknown}
 s - a potion of berserk rage {unknown}
 v - a potion of cure mutation {unknown}
 w - a potion of lignification {unknown}
Comestibles
 f - 3 bread rations
 h - a slice of pizza


   Skills:
 - Level 3.4 Fighting
 * Level 3.8 Axes
 - Level 3.3 Armour
 + Level 4.3 Shields


You had 3 spell levels left.
You didn't know any spells.

Dungeon Overview and Level Annotations

Branches:
Dungeon (3/15)

Altars:

Annotations:
D:3 razgard's ghost, amateur DgCj


Innate Abilities, Weirdness & Mutations

You cannot be hasted, slowed, berserked, paralysed or teleported.
You can dig through walls and to a lower floor.
Your four strong arms can wield two-handed weapons with a shield.
You have a pair of large antennae on your head. (SInv)


Message History

Found a hand axe.
You feel very mighty all of a sudden.
Razgard's ghost hits you but does no damage.
You are electrocuted!
The goblin hits you but does no damage.
You retract your mandibles.
You slice razgard's ghost!!
Razgard's ghost is severely damaged.
You closely miss the goblin. You slash the orc!
You kill the orc!
The orc wizard looks braver for a moment.
You block razgard's ghost's attack. You block the goblin's attack.
The orc wizard casts a spell at you. The puff of flame misses you.
The orc priest grunts repeatedly.
Razgard's ghost hits you but does no damage.
You barely miss razgard's ghost.
Razgard's ghost is severely damaged.
You closely miss the goblin. You block the goblin's attack.
Razgard's ghost hits you but does no damage.
You are electrocuted!
You die...

..(####... .#.##.#
........... ..... ##
.......... #.#.## .#
..........
#.#..###.##
#)..#....#
#......#... .o.#..o#
##..........
.o.#.####........##.
#)#gg...........#
#@Ww........[<.##
##............).#
##.....#######.#
#.....# ..# #.....#
#.< ####### ##


You could see a worm, an orc priest, an orc wizard, razgard's ghost, an orc, a
hobgoblin and a goblin.

Vanquished Creatures
  2 adders
  A worm (D:2)
  A dart slug (D:1)
  4 leopard geckos
  2 orcs (D:3)
  7 hobgoblins
  2 ball pythons (D:2)
  6 bats
  3 frilled lizards
  7 goblins
  3 kobolds
  5 rats
43 creatures vanquished.

Notes
Turn   | Place    | Note
-------+----------+-------------------------------------------
     0 | D:1      | LORDOFBUTT the Formicid Fighter began the quest for the Orb.
     0 | D:1      | Reached XP level 1. HP: 18/18 MP: 1/1
    57 | D:1      | Reached XP level 2. HP: 22/24 MP: 2/2
   297 | D:1      | Reached skill level 4 in Shields
   310 | D:1      | Reached XP level 3. HP: 25/29 MP: 3/3
   979 | D:2      | Reached XP level 4. HP: 31/35 MP: 4/4
  1441 | D:3      | Noticed razgard's ghost (amateur DgCj)
  1453 | D:3      | Slain by razgard's ghost

Vault maps used:
D:1:      tarquinn_simple_flora_water_d
D:3:      serial_bayou_pond_d, grunt_gozag_statues

Skill      XL: |  1  2  3 |
---------------+----------+-----
Shields        | 4 |  4.3
Axes           | 3 |  3.8
Fighting       | |  3.4
Armour         | |  3.3

Action                   |  1- 3 |  4- 6 || total
-------------------------+-------+-------++-------
Melee: War axe           |   130 |    40 ||   170
 Abil: Dig               |       |     1 ||     1
  Use: Scroll            |       |     3 ||     3
       Potion            |       |     1 ||     1
  Eat: Chunk             |       |     2 ||     2
Armor: Scale mail        |    47 |    24 ||    71
Dodge: Dodged            |    36 |    14 ||    50
Block: Shield            |    74 |    28 ||   102
